 Dungeon Crawl Stone Soup version 0.30-a0-241-g1121274140 (webtiles) character file.

Game seed: 1678310014747981639

119 GreatBamboolord the Sneak (level 5, -2/29 HPs)
             Began as a Kobold Enchanter on Oct 11, 2022.
             Slain by an orc wizard
             ... wielding a +0 dagger
              (3 damage)
             ... on level 3 of the Dungeon.
             The game lasted 00:03:54 (1942 turns).

GreatBamboolord the Sneak (Kobold Enchanter)        Turns: 1942, Time: 00:03:55

Health: -2/29      AC:  3    Str:  5    XL:     5   Next: 24%
Magic:  8/8        EV: 15    Int: 17    God:
Gold:   83         SH:  0    Dex: 17    Spells: 7/9 levels left

rFire   . . .      SeeInvis .    g - +2 dagger (venom)
rCold   . . .      Faith    .    (no shield)
rNeg    . . .      Spirit   .    b - +0 robe
rPois   +          Reflect  .    (no helmet)
rElec   .          Harm     .    (no cloak)
rCorr   .          Rampage  .    k - +0 pair of gloves
Will    .....                    (no boots)
Stlth   ++++......               n - amulet of magic regeneration
HPRegen 0.24/turn                d - ring of poison resistance
MPRegen 0.51/turn                (no ring)

@: invisible
A: small, no large weapons, nightstalker 3
a: no special abilities


You were on level 3 of the Dungeon.
You visited 1 branch of the dungeon, and saw 3 of its levels.

You collected 83 gold pieces.

Inventory:

Hand Weapons
 g - a +2 dagger of venom (weapon)
Armour
 b - a +0 robe (worn)
 k - a +0 pair of gloves (worn)
Jewellery
 d - a ring of poison resistance (left hand)
 n - an amulet of magic regeneration (around neck)
Scrolls
 a - a scroll of teleportation
 e - a scroll of poison {unknown}
 f - 2 scrolls of identify {unknown}
 i - a scroll of fog
 l - a scroll of magic mapping {unknown}
 m - a scroll of enchant armour {unknown}
 r - 2 scrolls of noise {unknown}
Potions
 c - a potion of invisibility
 h - a potion of berserk rage {unknown}
 j - a potion of mutation {unknown}
 o - a potion of haste {unknown}
 p - a potion of heal wounds {unknown}
 q - a potion of flight {unknown}


   Skills:
 * Level 1.4 Fighting
 * Level 2.9 Short Blades
 * Level 3.0 Dodging
 + Level 5.2 Stealth
 * Level 2.6 Spellcasting
 * Level 3.6 Hexes


You had 7 spell levels left.
You knew the following spells:

 Your Spells              Type           Power      Damage    Failure   Level
a - Ensorcelled Hibernat  Hex/Ice        16%        N/A       13%         2

Your spell library contained the following spells:

 Spells                   Type           Power      Damage    Failure   Level
 Confusing Touch          Hex            14%        N/A       12%         3
 Tukima's Dance           Hex            14%        N/A       12%         3
 Beastly Appendage        Tmut           4%         N/A       19%         1
 Magic Dart               Conj           8%         1d3       19%         1
 Dazzling Flash           Conj/Hex       16%        N/A       26%         3
 Searing Ray              Conj           4%         2d4       28%         2
 Wereblood                Tmut           2%         N/A       28%         2
 Spider Form              Tmut/Pois      2%         N/A       50%         3
 Fulminant Prism          Conj/Hex       4%         3d6       65%         4


Dungeon Overview and Level Annotations

Branches:
Dungeon (3/15)

Altars:


Innate Abilities, Weirdness & Mutations

You are small and have problems with some larger weapons.
You are completely attuned to the shadows.


Message History

The orc is almost dead.
You kill the orc!
The goblin hits you with a +0 club.
You hit the goblin.
You kill the goblin!
You hit the orc but do no damage.
The orc is poisoned.
The orc closely misses you.
You hit the orc but do no damage.
The orc looks as sick as possible!
The orc barely misses you.
You hit the orc but do no damage.
The orc looks as sick as possible!
The orc is lightly wounded.
You barely miss the orc.
The orc is heavily wounded.
The orc barely misses you.
You closely miss the orc.
The orc is heavily wounded.
You hit the orc.
You kill the orc!
The orc wizard misses you.
You hit the orc wizard.
The orc wizard is poisoned.
The orc wizard is lightly wounded.
The orc wizard hits you with a +0 dagger.
You closely miss the orc wizard.
The orc wizard is moderately wounded.
The orc wizard casts a spell at you. The puff of flame hits you!
You are too injured to fight recklessly!
You are too injured to fight recklessly!
You hit the orc wizard.
The orc wizard looks as sick as possible!
The orc wizard is heavily wounded.
The orc wizard misses you.
You barely miss the orc wizard.
The orc wizard is heavily wounded.
The orc wizard points at you and mumbles some strange words.
The magic dart hits you!
* * * LOW HITPOINT WARNING * * *
You fade into invisibility!
The orc wizard hits you with a +0 dagger.
You die...

......#####...
.###........##.
#####..###......
............†.##
...###.......<....
o. ##.......#..##
###. #....#...#.##
....##)..........
#))o@...########
#..##.....
...........
######..... .....


You could see an orc wizard (unable to see you, extremely poisoned).

Vanquished Creatures
  Terence (D:2)
  4 adders
  3 worms (D:2)
  3 orcs (D:3)
  5 ball pythons
  3 bats
  3 endoplasms (D:1)
  2 giant cockroaches (D:1)
  4 goblins
  5 hobgoblins
  4 jackals (D:1)
  A quokka (D:2)
  2 kobolds (D:2)
  3 rats
43 creatures vanquished.

Notes
Turn   | Place    | Note
-------+----------+-------------------------------------------
     0 | D:1      | GreatBamboolord the Kobold Enchanter began the quest for
                  | the Orb.
     0 | D:1      | Reached XP level 1. HP: 10/10 MP: 3/3
   238 | D:1      | Reached XP level 2. HP: 14/15 MP: 5/5
   505 | D:1      | Learned a level 2 spell: Ensorcelled Hibernation
   620 | D:1      | Reached XP level 3. HP: 20/20 MP: 6/6
   825 | D:1      | Reached skill level 1 in Fighting
  1539 | D:2      | Reached XP level 4. HP: 17/25 MP: 7/7
  1727 | D:2      | Noticed Terence
  1729 | D:2      | Killed Terence
  1735 | D:2      | Reached skill level 5 in Stealth
  1782 | D:2      | Reached XP level 5. HP: 29/29 MP: 8/8
  1941 | D:3      | HP: 1/29 [orc wizard/magic dart (8)]
  1942 | D:3      | Slain by an orc wizard

Illustrated notes

Levels and vault maps discovered:
D:1:      psy_arrival_fountain, layout_basic
D:2:      layout_basic, uniq_terence
D:3:      layout_basic, solitary_fountain, uniq_jessica, uniq_crazy_yiuf_cottage

Skill      XL: |  1  2  3  4  5 |
---------------+----------------+-----
Fighting       | 1 |  1.4
Short Blades   | 2 |  2.9
Stealth        | 5 |  5.2
Dodging        | 3 |  3.0
Spellcasting   | |  2.6
Hexes          | |  3.6

Action                   |  1- 3 |  4- 6 || total
-------------------------+-------+-------++-------
Melee: Dagger            |    54 |    38 ||    92
       Punch             |     1 |     1 ||     2
  Use: Scroll            |     2 |       ||     2
       Potion            |       |     1 ||     1
 Stab: Sleeping          |    20 |     5 ||    25
Armor: Robe              |     6 |     2 ||     8
Dodge: Dodged            |    19 |    16 ||    35

Table legend: (Time is in decaauts)
 A = Elapsed time spent in this place.
 B = Non-inter-level travel time spent in this place.
 C = Inter-level travel time spent in this place.
 D = Time resting spent in this place.
 E = Time spent auto-exploring this place.
 F = Levels seen in this place.
 G = Mean time per level.
                   A        B        C        D        E       F      G
               +--------+--------+--------+--------+--------+-----+--------+
         Total |   1929 |   1896 |     33 |      0 |   1656 |   3 |  643.0 |
       Dungeon |   1929 |   1896 |     33 |      0 |   1656 |   3 |  643.0 |
               +--------+--------+--------+--------+--------+-----+--------+

Top non-repeatable levels by time:
     D:1: 1139 daAuts
     D:2: 747 daAuts
     D:3: 42 daAuts
